 Dungeon Crawl Stone Soup version 0.28-a0-512-g960c72b710 (webtiles) character file.

Game seed: 3980275937058995540

163358 GordonOverkill the Severer (level 18, -2/138 HPs)
             Began as a Djinni Berserker on Sept 22, 2021.
             Was a High Priest of Trog.
             Slain by a naga warrior (32 damage)
             ... on level 4 of the Snake Pit.
             The game lasted 01:04:18 (37046 turns).

GordonOverkill the Severer (Djinni Berserker)      Turns: 37046, Time: 01:04:19

Health: -2/138     AC: 30    Str: 24    XL:     18   Next: 46%
Gold:   315        EV: 26    Int: 15    God:    Trog [*****.] SH:  5 Dex: 14

rFire   + + +      SeeInvis .   u - +7 broad axe (elec)
rCold   x x .      Faith    .   E - +0 buckler
rNeg    . . .      Spirit   .   k - +8 chain mail "Uddoaf" {rPois rC- rCorr Dex+4}
rPois   ∞          Reflect  .   I - +2 hat
rElec   +          Harm     .   e - +2 cloak
rCorr   +          Rampage  .   F - +2 pair of gloves
Will    +++..                   (boots unavailable)
Stlth   ..........              G - amulet of the acrobat
HPRegen 1.33/turn               n - ring "Yguebb" {Fire rElec Int+3}
MPRegen 0.00/turn               b - ring of protection from cold

@: strong-willed, on berserk cooldown, acrobatic, flying, regenerating, slowed,
very slow
A: sickness immunity, fire resistance 2, cold vulnerability 1, float, innate
caster, hp casting, extra vitality 1, horns 1, iridescent scales 1, clumsy 1,
strong 1, evolution 1
a: Renounce Religion, Berserk, Trog's Hand, Brothers in Arms


You were on level 4 of the Snake Pit.
You worshipped Trog.
Trog was extremely pleased with you.
You visited 4 branches of the dungeon, and saw 27 of its levels.
You visited 1 bazaar.
You also visited: Gauntlet.

You collected 4097 gold pieces.
You spent 3782 gold pieces at shops.

Inventory:

Hand Weapons
 q - a +3 war axe of flaming
 u - a +7 broad axe of electrocution (weapon)
 Z - a +3 broad axe
Missiles
 g - 7 throwing nets
 o - 39 boomerangs (quivered)
 D - 7 javelins
 O - 10 silver javelins
Armour
 e - a +2 cloak (worn)
 k - the +8 chain mail "Uddoaf" (worn) {rPois rC- rCorr Dex+4}
   (You found it on level 3 of the Lair of Beasts)

   Dex:       It affects your dexterity (+4).
   rC:        It makes you vulnerable to cold.
   rPois:     It protects you from poison.
   rCorr:     It protects you from acid and corrosion.
 w - a +0 plate armour
 E - a +0 buckler (worn)
 F - a +2 pair of gloves (worn)
 I - a +2 hat (worn)
Jewellery
 b - a ring of protection from cold (right hand)
 h - the amulet "Lokhug" {Acrobat Harm rF+++ Int-5 Dex-5}
   (You found it in a Gauntlet)

   [amulet of the acrobat]

   It increases your evasion while moving and waiting.
   Int:       It affects your intelligence (-5).
   Dex:       It affects your dexterity (-5).
   rF:        It renders you almost immune to fire.
   Harm:      It increases damage dealt and taken.
 m - a ring of protection from fire
 n - the ring "Yguebb" (left hand) {Fire rElec Int+3}
   (You found it on level 9 of the Dungeon)

   [ring of fire]

   It enhances your fire magic.
   Int:       It affects your intelligence (+3).
   rF:        It protects you from fire.
   rC:        It makes you vulnerable to cold.
   rElec:     It insulates you from electricity.
 G - an amulet of the acrobat (around neck)
 M - a ring of willpower
 U - a ring of see invisible
Wands
 d - a wand of mindburst (32)
 z - a wand of flame (96)
 A - a wand of iceblast (30)
 J - a wand of charming (8)
 T - a wand of digging (5)
Scrolls
 a - 3 scrolls of teleportation
 l - 4 scrolls of immolation
 p - 2 scrolls of enchant armour
 v - a scroll of vulnerability
 B - a scroll of holy word
 H - a scroll of identify
 K - 2 scrolls of fog
 Q - a scroll of summoning
 S - a scroll of blinking
 V - a scroll of fear
 Y - 2 scrolls of brand weapon
Potions
 c - 2 potions of mutation
 f - 4 potions of might
 j - 13 potions of curing
 r - 3 potions of invisibility
 s - 7 potions of berserk rage
 t - 11 potions of heal wounds
 C - 4 potions of haste
 L - 6 potions of lignification
 N - 5 potions of ambrosia
 X - a potion of resistance
Miscellaneous
 i - a tin of tremorstones (2/2)
 P - a phantom mirror
 R - a box of beasts (inert)
 W - a condenser vane


   Skills:
 - Level 15.0 Fighting
 - Level 20.0 Axes
 - Level 10.0 Armour
 - Level 6.0 Dodging
 - Level 4.0 Shields
 + Level 10.7 Evocations


You couldn't memorise any spells.
You knew the following spells:

 Your Spells              Type           Power      Damage    Failure   Level
a - Freeze                Ice            0%         1d3       82%         1
b - Corpse Rot            Necr/Air       N/A        N/A       91%         2
c - Spider Form           Tmut/Pois      0%         N/A       99%         3
d - Animate Dead          Necr           0%         N/A       100%        4
e - Agony                 Necr           0%         N/A       100%        5
f - Silence               Hex/Air        0%         N/A       100%        5
g - Starburst             Conj/Fire      0%         6d3       100%        6
h - Haunt                 Necr/Summ      0%         N/A       100%        7
Your spell library was empty.


Dungeon Overview and Level Annotations

Branches:
Dungeon (15/15)            Temple (0/1) D:7            Lair (6/6) D:9
  Swamp (0/4) Lair:3        Snake (4/4) Lair:2        Slime (0/5) Lair:6
    Orc (2/2) D:11            Elf (0/3) Orc:2        Vaults (0/5) D:13
 Depths (0/4) D:15        Gauntlet (visited)

Altars:
Ashenzari
Cheibriados
Dithmenos
Elyvilon
Fedhas
Gozag
Nemelex Xobeh
Okawaru
Ru
Sif Muna
Trog
Uskayaw
Vehumet
Xom
The Shining One
Beogh
Jiyva

Shops:
D:2 (   D:9 [   D:10 (!   D:15 *   Orc:2 =*(?(   Snake:1 :=:   Snake:2 [*[?

Portals:
Pandemonium: Orc:2

Annotations:
D:10 2 transporters
D:11 2 transporters, Conn's ghost, journeyman OpFE


Innate Abilities, Weirdness & Mutations

You are immune to sickness and miasma.
You are immune to poison.
Your flesh is very heat resistant. (rF++)
You are vulnerable to cold. (rC-)
You float through the air rather than walking.
You learn spells naturally, not from books.
Your magical power is your life essence.
You have superior vitality. (+4 HP)
You have a pair of small horns on your head.
You are partially covered in iridescent scales. (AC +2)
You are clumsy. (Dex -2)
Your muscles are strong. (Str +2)
You have hidden genetic potential.


Message History

The naga warrior hits you but does no damage.
You closely miss the nagaraja.
The nagaraja is moderately wounded.
The nagaraja hits you but does no damage.
The nagaraja constricts you.
You slash the nagaraja! You headbutt the nagaraja.
The nagaraja is heavily wounded.
You are no longer berserk.
You are exhausted.
You feel yourself slow down.
The naga warrior hits you from afar with a +0 glaive!
You closely miss the nagaraja. You headbutt the nagaraja.
The nagaraja is severely wounded.
The nagaraja hits you with a +0 club!
* * * LOW HITPOINT WARNING * * *
The nagaraja constricts you!
* * * LOW HITPOINT WARNING * * *
The naga warrior hits you but does no damage.
You slash the nagaraja!
Lightning courses through the nagaraja!!
Your headbutt misses the nagaraja.
The nagaraja is almost dead.
The nagaraja casts a spell at you. You resist with almost no effort.
The nagaraja constricts you.
* * * LOW HITPOINT WARNING * * *
The naga warrior roars a battlecry!
You slash the nagaraja!
You kill the nagaraja!
Trog accepts your kill.
Trog appreciates your killing of a magic user.
The naga warrior hits you from afar with a +0 glaive!!
* * * LOW HITPOINT WARNING * * *
As you read the scroll of teleportation, it crumbles to dust.
You feel strangely unstable.
The naga warrior hits you from afar with a +0 glaive!!
* * * LOW HITPOINT WARNING * * *
Your surroundings seem slightly different.
Unknown command.
The naga warrior hits you from afar with a +0 glaive!!
You die... ##......## #. # ###........# ##. ##### ##..........# #.. ....# #......###..###.. ...## . .N. ##......'.#...#... ...# #..§ ..# #.......###....... ...# #..≈ N.# #................. ...#.#.N§§ NS#

#................. ...##...≈≈§..
##@..[..####....... ....###.SS..
##.......# ##......
.....###''S###.N......## #......
.....##.....##N).......####......
.....(.......)).........#.....###
.######..###....#####.........#..
##....####.##...#...'##.......+..
#...........'..##.....#.......##.
#...........#..#......#........##


You could see a naga warrior (strong) and a salamander (strong).

Vanquished Creatures
  Mlioglotl (Snake:3)
  Gastronok (D:10)
  4 nagarajas
  A quicksilver ooze (shapeshifter) (D:15)
  Azrael (Snake:2)
  Snorg (Lair:6)
  Josephine (D:10)
  A rakshasa (D:13)
  10 naga warriors
  5 boulder beetles
  11 hydras
  4 centaur warriors
  3 ogre magi
  A catoblepas (Lair:6)
  A deep troll shaman (Lair:6)
  A death knight (D:12)
  6 anacondas
  A vampire mage (D:15)
  11 two-headed ogres
  A tengu warrior (D:15)
  5 naga sharpshooters
  15 death yaks (Lair:6)
  6 orc high priests (Orc:2)
  4 shock serpents
  A titan zombie (D:15)
  A soul eater (Orc:2)
  13 skeletal warriors
  A salamander mystic (Snake:4)
  6 sea snakes (Snake:3)
  2 infernal demonspawn (Orc:2)
  A torturous demonspawn (Orc:2)
  A glowing orange brain (Gauntlet)
  2 wizards (Gauntlet)
  4 naga ritualists
  Pikel (D:8)
  6 mana vipers
  6 orc sorcerers (Orc:2)
  4 orc knights (Orc:2)
  A necromancer (D:15)
  A manticore (D:14)
  3 salamanders
  2 cyclopes
  12 ugly things
  Maurice (D:8)
  8 elephants (Lair:6)
  8 naga magi
  32 black mambas
  4 guardian serpents
  3 smoke demons (Orc:2)
  A torpor snail (Lair:6)
  16 cane toads
  14 komodo dragons
  3 rime drakes
  An efreet (D:15)
  A freezing wraith (D:12)
  A hellwing (Orc:2)
  4 ice devils
  A tengu conjurer (D:15)
  6 trolls
  4 polar bears
  11 blink frogs
  3 spriggan zombies (D:15)
  2 slime creatures (Gauntlet)
  5 dream sheep (Lair:5)
  3 wyverns
  3 centaur simulacra
  75 yaks
  4 fire elementals (Snake:2)
  2 humans (D:9)
  7 basilisks
  5 wraiths
  A warg (Orc:1)
  2 steam dragons
  4 vampire mosquitoes
  28 nagas
  8 water moccasins
  An acid dragon (D:11)
  28 orc warriors
  4 hell hounds (Snake:2)
  A sky beast (D:8)
  2 black bears
  An ice beast (D:6)
  10 ogres
  34 wolves
  9 centaurs
  2 lemures (D:8)
  14 bullfrogs
  A gnoll sergeant (D:9)
  2 scorpions
  A wyvern skeleton (D:7)
  12 killer bees
  9 wights
  3 electric eels
  2 howler monkeys
  6 centaur zombies
  3 hounds
  3 jellies
  A bullfrog skeleton (D:4)
  2 centaur skeletons
  27 orc priests
  6 iguanas
  16 orc wizards
  5 hell rats (Lair:3)
  8 adders
  A howler monkey skeleton (D:7)
  4 gnolls (D:9)
  2 shadow imps (Gauntlet)
  5 white imps
  An adder skeleton (D:4)
  A worm (D:12)
  3 dart slugs
  64 orcs
  8 ball pythons
  2 endoplasms
  5 giant cockroaches
  13 goblins
  8 hobgoblins
  4 jackals (D:2)
  2 quokkas
  7 bats
  8 frilled lizards
  15 kobolds
  7 rats
  A butterfly (Lair:2)
809 creatures vanquished.

Vanquished Creatures (collateral kills)
  Mara (Snake:4)
  Rupert (D:15)
  A minotaur (Gauntlet)
  A naga warrior (Snake:3)
  A boulder beetle (D:14)
  A glowing orange brain (Gauntlet)
  2 nagas
8 creatures vanquished.

Vanquished Creatures (others)
  A naga (Snake:2)
  An orc (D:9)
  A butterfly (Lair:2)
  34 fungi
  52 plants
  9 withered plants (D:15)
98 creatures vanquished.

Grand Total: 915 creatures vanquished

Notes
Turn   | Place    | Note
-------+----------+-------------------------------------------
     0 | D:1      | GordonOverkill the Djinni Berserker began the quest for the
                  | Orb.
     0 | D:1      | Reached XP level 1. HP: 20/20 MP: 0/0
    37 | D:1      | Found a faded altar of an unknown god.
   609 | D:1      | Reached XP level 2. HP: 23/25 MP: 0/0
  1473 | D:1      | Reached skill level 3 in Axes
  1920 | D:1      | Reached XP level 3. HP: 30/30 MP: 0/0
  1920 | D:1      | Learned a level 1 spell: Freeze
  2074 | D:2      | Found an opulent altar of Gozag.
  2268 | D:2      | Reached ** piety under Trog
  2315 | D:2      | Found Igycvi's Antique Weapon Emporium.
  2609 | D:2      | Reached XP level 4. HP: 35/35 MP: 0/0
  2757 | D:2      | You are sucked into a shaft and drop 1 floor!
  2963 | D:2      | Noticed a black bear
  3133 | D:3      | Found a shadowy altar of Dithmenos.
  4398 | D:3      | Reached XP level 5. HP: 41/41 MP: 0/0
  4398 | D:3      | Learned a level 2 spell: Corpse Rot
  4399 | D:3      | Reached *** piety under Trog
  4569 | D:3      | Found a sparkling altar of Nemelex Xobeh.
  4636 | D:2      | Bought an ichor-stained war axe for 153 gold pieces
  4636 | D:2      | Identified the +5 war axe of the Protecting Gnat {vorpal,
                  | rPois rC- Str+3 SInv} (You bought it in a shop on level 2
                  | of the Dungeon)
  4931 | D:4      | Reached skill level 4 in Axes
  5046 | D:4      | Found the +8 demon blade "Leech" {vamp, Harm Drain rN+}
  5090 | D:4      | Found a sacrificial altar of Ru.
  5242 | D:4      | Reached XP level 6. HP: 47/47 MP: 0/0
  5902 | D:4      | Reached XP level 7. HP: 51/53 MP: 0/0
  5902 | D:4      | Learned a level 3 spell: Spider Form
  6241 | D:5      | Entered Level 5 of the Dungeon
  6625 | D:5      | Found a blossoming altar of Fedhas.
  6656 | D:5      | Reached skill level 5 in Axes
  6656 | D:5      | Reached skill level 1 in Evocations
  6817 | D:5      | Found a snail-covered altar of Cheibriados.
  7023 | D:6      | Reached skill level 5 in Fighting
  7023 | D:6      | Reached XP level 8. HP: 33/59 MP: 0/0
  7462 | D:6      | Reached **** piety under Trog
  7464 | D:6      | Reached skill level 6 in Axes
  7711 | D:6      | Noticed a yak
  7712 | D:6      | Noticed a yak
  7713 | D:6      | Noticed a yak
  7722 | D:6      | Killed a yak
  7722 | D:6      | Killed a yak
  7723 | D:6      | Reached skill level 5 in Armour
  7723 | D:6      | Reached XP level 9. HP: 60/66 MP: 0/0
  7723 | D:6      | Learned a level 4 spell: Animate Dead
  8602 | D:6      | Identified a scroll of acquirement
  8602 | D:6      | Acquired a +2 broad axe of electrocution
  8629 | D:7      | Reached skill level 7 in Axes
  8692 | D:7      | Identified the +3 robe "Suxker" {rF- Will+ rCorr}
  8865 | D:7      | Found a shimmering altar of Xom.
  9708 | D:7      | Found a staircase to the Ecumenical Temple.
 10138 | D:8      | Reached XP level 10. HP: 73/73 MP: 0/0
 10389 | D:8      | Noticed Pikel
 10397 | D:8      | Reached skill level 5 in Evocations
 10401 | D:8      | Killed Pikel
 10402 | D:8      | Reached skill level 8 in Axes
 10600 | D:8      | Noticed Maurice
 10608 | D:8      | Killed Maurice
 11135 | D:9      | Identified the ring "Yguebb" {Fire rElec Int+3}
 11191 | D:9      | Found a staircase to the Lair.
 11202 | D:9      | Found a glowing golden altar of the Shining One.
 11218 | D:9      | Reached skill level 9 in Axes
 11581 | D:9      | Identified the -5 cloak "Buw Vono" {MP+9}
 11592 | D:9      | Found an iron altar of Okawaru.
 11826 | D:9      | Reached XP level 11. HP: 80/82 MP: 0/0
 11826 | D:9      | Learned a level 5 spell: Agony
 11952 | D:9      | Found Ubbauggask's Armour Shop.
 11956 | D:9      | Bought a +0 buckler for 76 gold pieces
 12084 | D:9      | Reached skill level 1 in Shields
 12363 | D:9      | Bought a +0 pair of gloves for 76 gold pieces
 12399 | D:10     | Entered Level 10 of the Dungeon
 12556 | D:10     | Noticed Josephine
 12564 | D:10     | Reached skill level 10 in Axes
 12645 | D:10     | Killed Josephine
 12760 | D:10     | Noticed Gastronok
 12773 | D:10     | Killed Gastronok
 12948 | D:10     | Found a transporter.
 13114 | D:10     | Found a transporter.
 13123 | D:10     | Reached ***** piety under Trog
 13124 | D:10     | Found Boicri Iritu's Distillery.
 13203 | D:10     | Reached skill level 11 in Axes
 13204 | D:10     | Reached XP level 12. HP: 90/90 MP: 0/0
 13270 | D:10     | Bought a potion of haste for 140 gold pieces
 13270 | D:10     | Bought a potion of heal wounds for 70 gold pieces
 13270 | D:10     | Bought a potion of curing for 42 gold pieces
 13270 | D:10     | Bought a potion of curing for 42 gold pieces
 13270 | D:10     | Bought 2 potions of curing for 84 gold pieces
 13326 | D:10     | Found Zisinkun's Antique Weapon Emporium.
 13514 | D:10     | Found a white marble altar of Elyvilon.
 13619 | D:11     | Noticed a two-headed ogre
 13623 | D:11     | Noticed a boulder beetle
 13624 | D:11     | Killed a two-headed ogre
 13638 | D:11     | Killed a boulder beetle
 13931 | D:11     | Found a staircase to the Orcish Mines.
 13966 | D:11     | Noticed a boulder beetle
 13988 | D:11     | Killed a boulder beetle
 14006 | D:11     | Noticed a two-headed ogre
 14012 | D:11     | Noticed a two-headed ogre
 14023 | D:11     | Killed a two-headed ogre
 14024 | D:11     | Reached skill level 10 in Fighting
 14026 | D:11     | Killed a two-headed ogre
 14680 | D:11     | Found a transporter.
 14682 | D:11     | Noticed a deep troll earth mage
 14685 | D:11     | Noticed Conn's ghost (journeyman OpFE)
 14689 | D:11     | Found a transporter.
 14731 | D:11     | Noticed a two-headed ogre
 14739 | D:11     | Reached skill level 12 in Axes
 14743 | D:11     | Killed a two-headed ogre
 15459 | D:12     | Noticed a death knight
 15459 | D:12     | Noticed a skeletal warrior
 15468 | D:12     | Received a gift from Trog
 15474 | D:12     | Killed a death knight
 15816 | D:12     | Killed a skeletal warrior
 15940 | D:12     | Noticed a skeletal warrior
 15947 | D:12     | Noticed a skeletal warrior
 15949 | D:12     | Killed a skeletal warrior
 15950 | D:12     | Reached XP level 13. HP: 96/96 MP: 0/0
 15950 | D:12     | Learned a level 5 spell: Silence
 16051 | D:12     | Reached skill level 13 in Axes
 16062 | D:12     | Acquired 1398 gold pieces
 17146 | D:12     | Reached skill level 14 in Axes
 17429 | D:12     | Found a snail-covered altar of Cheibriados.
 17480 | D:12     | Gained mutation: You have hidden genetic potential. [potion
                  | of mutation]
 17480 | D:12     | Gained mutation: Your muscles are strong. (Str +2) [potion
                  | of mutation]
 17480 | D:12     | Gained mutation: You are clumsy. (Dex -2) [potion of
                  | mutation]
 17480 | D:12     | Gained mutation: You are partially covered in iridescent
                  | scales. (AC +2) [potion of mutation]
 17561 | Lair:1   | Entered Level 1 of the Lair of Beasts
 18918 | Lair:2   | Found a staircase to the Snake Pit.
 19704 | Lair:2   | Reached skill level 15 in Axes
 19706 | Lair:2   | Reached XP level 14. HP: 103/103 MP: 0/0
 20138 | Lair:3   | Found a bloodstained altar of Trog.
 20357 | Lair:3   | Found a staircase to the Swamp.
 20465 | Lair:3   | Identified the +8 chain mail "Uddoaf" {rPois rC- rCorr
                  | Dex+4}
 20648 | Lair:3   | Gained mutation: You have a pair of small horns on your
                  | head. [hidden potential]
 22712 | Lair:5   | Reached skill level 16 in Axes
 23048 | Lair:6   | Entered Level 6 of the Lair of Beasts
 23060 | Lair:6   | Reached skill level 10 in Armour
 23285 | Lair:6   | Reached XP level 15. HP: 107/112 MP: 0/0
 23285 | Lair:6   | Learned a level 6 spell: Starburst
 23286 | Lair:6   | Found a gate leading to a gauntlet.
 23291 | Lair:6   | Noticed Snorg
 23304 | Lair:6   | Received a gift from Trog
 23306 | Lair:6   | Killed Snorg
 23318 | Gauntlet | Entered a Gauntlet
 23318 | Gauntlet | Found a transporter.
 23318 | Gauntlet | Found a transporter.
 23318 | Gauntlet | Found a transporter.
 23678 | Gauntlet | Found a transporter.
 23682 | Gauntlet | Found a transporter.
 23696 | Gauntlet | Found a transporter.
 23697 | Gauntlet | Found a transporter.
 23706 | Gauntlet | Found a transporter.
 23723 | Gauntlet | Found a large runed translucent door.
 23724 | Gauntlet | Found a large runed translucent door.
 23725 | Gauntlet | Found a large runed translucent door.
 23725 | Gauntlet | Found a large runed translucent door.
 23726 | Gauntlet | Found a runed translucent gate.
 23727 | Gauntlet | Found a transporter.
 23727 | Gauntlet | Found a runed translucent gate.
 23728 | Gauntlet | Found a runed translucent gate.
 23729 | Gauntlet | Found a large runed translucent door.
 23729 | Gauntlet | Found a large runed translucent door.
 23730 | Gauntlet | Found a large runed translucent door.
 23731 | Gauntlet | Found a large runed translucent door.
 23740 | Gauntlet | Found a large runed translucent door.
 23740 | Gauntlet | Found a large runed translucent door.
 23740 | Gauntlet | Found a runed translucent door.
 23740 | Gauntlet | Found a runed translucent door.
 23741 | Gauntlet | Found a large runed translucent door.
 23742 | Gauntlet | Found a large runed translucent door.
 23744 | Gauntlet | Found a transporter.
 23748 | Gauntlet | Found a transporter.
 23758 | Gauntlet | Found a transporter.
 23813 | Gauntlet | Found a large runed translucent door.
 23814 | Gauntlet | Found a large runed translucent door.
 23815 | Gauntlet | Found a large runed translucent door.
 23815 | Gauntlet | Found a large runed translucent door.
 23957 | Gauntlet | Gained mutation: You have great hidden genetic potential.
                  | [hidden potential]
 23957 | Gauntlet | Lost mutation: You have great hidden genetic potential.
                  | [hidden potential expressed]
 23975 | Gauntlet | Identified the amulet "Lokhug" {Acrobat Harm rF+++ Int-5
                  | Dex-5}
 24008 | Gauntlet | Identified the ring "Zogif" {Will- Str+6 Int+6}
 24568 | Lair:6   | Reached skill level 17 in Axes
 24864 | Lair:6   | Reached skill level 5 in Dodging
 25115 | Lair:6   | Found a viscous altar of Jiyva.
 25115 | Lair:6   | Found a staircase to the Slime Pits.
 25856 | D:13     | Reached XP level 16. HP: 100/121 MP: 0/0
 25900 | D:13     | Found a flickering gateway to a bazaar.
 25910 | Bazaar   | Entered a bazaar
 25930 | Bazaar   | Found Isivvuh's Antique Weapon Emporium.
 25941 | Bazaar   | Found Fewnall's Armour Shoppe.
 25952 | Bazaar   | Found Ozoxkun's Distillery.
 25957 | Bazaar   | Bought a potion of heal wounds for 70 gold pieces
 25957 | Bazaar   | Bought a potion of curing for 42 gold pieces
 25957 | Bazaar   | Bought a potion of curing for 42 gold pieces
 25957 | Bazaar   | Bought a potion of heal wounds for 70 gold pieces
 25957 | Bazaar   | Bought a potion of invisibility for 112 gold pieces
 25957 | Bazaar   | Bought a potion of ambrosia for 112 gold pieces
 25984 | Bazaar   | Found Qoro's Antique Weapon Shoppe.
 26006 | Bazaar   | Found Mumaf's Book Emporium.
 26152 | D:13     | Found a gate to the Vaults.
 26232 | D:13     | Found a broken altar of Ashenzari.
 27071 | D:14     | Received a gift from Trog
 27655 | D:15     | Entered Level 15 of the Dungeon
 27666 | D:15     | Reached skill level 18 in Axes
 28041 | D:15     | Found Coafoi's Assorted Antiques.
 28047 | D:15     | Bought a scroll of summoning for 256 gold pieces
 28047 | D:15     | Bought a potion of heal wounds for 135 gold pieces
 28047 | D:15     | Bought a box of beasts for 1080 gold pieces
 28047 | D:15     | Bought a scroll of blinking for 202 gold pieces
 28047 | D:15     | Bought a worn glass wand for 108 gold pieces
 28047 | D:15     | Bought a potion of might for 108 gold pieces
 28047 | D:15     | Bought a blackened ivory ring for 135 gold pieces
 28178 | D:15     | Found a hide-covered altar of Uskayaw.
 28743 | D:15     | Noticed Rupert
 28762 | D:15     | Killed Rupert
 28827 | D:15     | Found a staircase to the Depths.
 29384 | Orc:1    | Entered Level 1 of the Orcish Mines
 29912 | Orc:2    | Entered Level 2 of the Orcish Mines
 29912 | Orc:2    | Found a staircase to the Elven Halls.
 30197 | Orc:2    | Found Hamab's General Store.
 30207 | Orc:2    | Found Ziria's Magic Scroll Emporium.
 30424 | Orc:2    | Bought a scroll of enchant weapon for 97 gold pieces
 30424 | Orc:2    | Bought a scroll of enchant armour for 97 gold pieces
 30424 | Orc:2    | Bought a scroll of enchant weapon for 97 gold pieces
 30424 | Orc:2    | Bought a scroll of fog for 26 gold pieces
 30424 | Orc:2    | Bought a scroll of fog for 26 gold pieces
 30711 | Orc:2    | Reached XP level 17. HP: 102/127 MP: 0/0
 30711 | Orc:2    | Learned a level 7 spell: Haunt
 30912 | Orc:2    | Received a gift from Trog
 31286 | Orc:2    | Found Codio's Jewellery Shop.
 31286 | Orc:2    | Found Emutt's Antique Weapon Boutique.
 31286 | Orc:2    | Found a one-way gate leading to the halls of Pandemonium.
 31425 | Orc:2    | Found Buovom's Antique Weapon Emporium.
 31575 | Snake:1  | Entered Level 1 of the Snake Pit
 31779 | Snake:1  | Reached skill level 19 in Axes
 32136 | Snake:1  | Found Yxyax's Book Boutique.
 32136 | Snake:1  | Found Joxuluc's Jewellery Emporium.
 32137 | Snake:1  | Found Jagil Maudapp's Book Boutique.
 33229 | Snake:2  | Noticed Azrael
 33239 | Snake:2  | Killed Azrael
 33241 | Snake:2  | Received a gift from Trog
 33751 | Snake:2  | Found Xogg's Armour Boutique.
 33774 | Snake:2  | Reached skill level 15 in Fighting
 33852 | Snake:2  | Found Gotzonlig's Magic Scroll Boutique.
 33852 | Snake:2  | Found Ugrawaj's Antique Armour Shop.
 33857 | Snake:2  | Found Qaguanis's Assorted Antiques.
 33860 | Snake:2  | Bought a scroll of enchant armour for 142 gold pieces
 33860 | Snake:2  | Bought a scroll of enchant armour for 142 gold pieces
 34890 | Snake:3  | Noticed Mlioglotl
 34894 | Snake:3  | Reached XP level 18. HP: 138/138 MP: 0/0
 34904 | Snake:3  | Killed Mlioglotl
 35615 | Snake:3  | Reached skill level 20 in Axes
 36453 | Snake:4  | Entered Level 4 of the Snake Pit
 36869 | Snake:4  | Noticed Mara
 36887 | Snake:4  | Killed Mara
 36888 | Snake:4  | Reached skill level 10 in Evocations
 36954 | Snake:4  | Received a gift from Trog
 37046 | Snake:4  | Slain by a naga warrior

Illustrated notes

Levels and vault maps discovered:
D:1:      minmay_arrival_four_houses, layout_basic,
          ebering_ecumenical_altar_hall, kennysheep_pointless_box
D:2:      layout_basic, basic_altar, serial_shops, shop, lightli_corner_chamber
D:3:      cheibrodos_greedy_goblins, layout_loops_corners,
          mainiacjoe_overflow_brackets, nicolae_dithmenos_the_darkroom,
          supply_closet_lemuel
D:4:      minmay_chambers_of_threes, layout_cave_pods,
          mainiacjoe_overflow_24_doors, minmay_misc_feat_chi
D:5:      layout_cave_pools, vehumet_crystals, mainiacjoe_overflow_divided_tiny,
          fedhas_altar_1, kennysheep_another_room, minmay_lizard_king
D:6:      layout_basic
D:7:      layout_basic, xom_teletrap_fun, temple_fountains
D:8:      layout_basic, uniq_maurice, uniq_pikel
D:9:      layout_loops_ring, mainiacjoe_overflow_six_doors_small,
          okawaru_humans, serial_shops, nicolae_shop_window_shopping,
          serial_bayou_ford_a
D:10:     gammafunk_cloud_chamber, layout_small_grid, elyvilon_altar_1,
          serial_shops, shop, nicolae_take_the_stairs,
          kennysheep_decorative_pillar, uniq_josephine, uniq_gastronok
D:11:     layout_basic, david_orc_2, gammafunk_ghost_arena, serial_curves,
          eino_curves_01, eino_curves_04, eino_curves_02
D:12:     layout_cave_pools, roderic_roman_lattice, slow_altar_2
D:13:     layout_long_grid, david_vaults_2, serial_shops, bzr_entry_lakeside,
          ashenzari_conservatory_becter
D:14:     layout_roguey, nicolae_two_hexagons
D:15:     gammafunk_depths_entry_grave, layout_loops_corners,
          nicolae_uskayaw_en_pointe, serial_shops, shop, uniq_rupert
Lair:1:   layout_small_grid, grunt_megastairs_1
Lair:2:   layout_roguey, minmay_snake_entry_guardpost_small,
          portal_ice_cave_demonic_guard, serial_bayou_shore_b,
          lemuel_fruit_fields, grunt_megastairs_3
Lair:3:   layout_loops_ring, swamp_mist, basic_altar, fungi_pond_lemuel
Lair:4:   layout_misc_corridors
Lair:5:   layout_misc_corridors
Lair:6:   grunt_lair_end_beastmaster, layout_misc_corridors, slime_altar_1,
          gauntlet_entry_generic, hibernation_bobbens, uniq_snorg
Snake:1:  layout_basic, minmay_shop_grove
Snake:2:  layout_gridlike, minmay_shoptagon, uniq_azrael
Snake:3:  layout_basic, serial_bayou_shore_a, serial_bayou_shore_b,
          serial_bayou_shore_b, lemuel_fruit_tree, uniq_mlioglotl
Snake:4:  grunt_snake_rune_pools, layout_cave_town, uniq_mara
Orc:1:    layout_caves, basic_altar, mines4_lemuel
Orc:2:    pf_orc_diabolical, layout_caves, serial_shops, nicolae_shop_waterfront

Skill      XL: |  1  2  3  4  5  6  7  8  9 10 11 12 13 14 15 16 17 18 |
---------------+-------------------------------------------------------+-----
Axes           | 3 4 5 6 7 9 11 12 15 16 17 18 19 20 | 20.0
Fighting       | 4 5 6 8 9 10 11 13 14 15 | 15.0
Armour         | 3 4 5 6 8 10 | 10.0
Evocations     | 1 3 4 5 8 10 | 10.7
Dodging        | 4 5 6 |  6.0
Shields        | 4 |  4.0

Action                   |  1- 3 |  4- 6 |  7- 9 | 10-12 | 13-15 | 16-18 || total
-------------------------+-------+-------+-------+-------+-------+-------++-------
Melee: Hand axe          |    45 |       |       |       |       |       ||    45
       Whip              |    39 |   101 |       |       |    17 |       ||   157
       War axe           |       |    39 |    88 |       |       |       ||   127
       Broad axe         |       |       |    61 |   307 |   686 |   817 ||  1871
       Headbutt          |       |       |       |       |    96 |   192 ||   288
Invok: Berserk           |    15 |     9 |    10 |    26 |    45 |    37 ||   142
       Trog's Hand       |       |       |       |     3 |     4 |     6 ||    13
       Brothers in Arms  |       |       |       |       |     2 |     4 ||     6
Evoke: Wand              |       |       |     1 |     9 |       |     1 ||    11
       Box of beasts     |       |       |       |       |       |     2 ||     2
       Condenser vane    |       |       |       |       |       |     1 ||     1
  Use: Scroll            |       |     5 |     6 |     6 |    11 |     9 ||    37
       Potion            |       |       |     1 |     5 |     2 |       ||     8
 Stab: Petrified         |       |       |       |       |     8 |       ||     8
Armor: Animal skin       |     8 |       |       |       |       |       ||     8
       Chain mail        |    42 |   110 |    92 |       |   257 |   305 ||   806
       Plate armour      |       |       |       |   234 |   128 |       ||   362
Dodge: Dodged            |    36 |    63 |    66 |   114 |   274 |   301 ||   854
Block: Buckler           |       |       |       |    49 |   137 |   123 ||   309

Table legend: (Time is in decaauts)
 A = Elapsed time spent in this place.
 B = Non-inter-level travel time spent in this place.
 C = Inter-level travel time spent in this place.
 D = Time resting spent in this place.
 E = Time spent auto-exploring this place.
 F = Levels seen in this place.
 G = Mean time per level.
                   A        B        C        D        E       F      G
               +--------+--------+--------+--------+--------+-----+--------+
         Total |  38095 |  36162 |   1933 |  15006 |  14916 |  29 | 1313.6 |
       Dungeon |  22204 |  20689 |   1515 |   8709 |   8754 |  15 | 1480.3 |
          Lair |   7422 |   7167 |    255 |   2635 |   3175 |   6 | 1237.0 |
     Snake Pit |   5504 |   5392 |    112 |   2278 |   2284 |   4 | 1376.0 |
  Orcish Mines |   2078 |   2028 |     50 |    964 |    571 |   2 | 1039.0 |
        Bazaar |    129 |    129 |      0 |      0 |      0 |   1 |  129.0 |
      Gauntlet |    756 |    756 |      0 |    420 |    131 |   1 |  756.0 |
               +--------+--------+--------+--------+--------+-----+--------+

Top non-repeatable levels by time:
    D:11: 2373 daAuts
     D:1: 2244 daAuts
     D:9: 1893 daAuts
 Snake:3: 1800 daAuts
     D:7: 1722 daAuts
 Snake:1: 1663 daAuts
    D:12: 1639 daAuts
    D:15: 1626 daAuts
     D:3: 1606 daAuts
     D:4: 1583 daAuts
  Lair:2: 1522 daAuts
  Lair:6: 1490 daAuts
 Snake:2: 1465 daAuts
   Orc:2: 1387 daAuts
     D:6: 1311 daAuts
